 Dungeon Crawl Stone Soup version 0.30-a0-719-gcc4359ea44 (webtiles) character file.

Game seed: 8512687413348936275

1115 Dirtsage the Changer (level 8, -3/57 HPs)
             Began as an Octopode Transmuter on Jan 26, 2023.
             Was an Initiate of the Shining One.
             Slain by Grum
             ... wielding a +1 spear
              (11 damage)
             ... on level 8 of the Dungeon.
             The game lasted 00:11:04 (4190 turns).

Dirtsage the Changer (Octopode Transmuter)          Turns: 4190, Time: 00:11:04

Health: -3/57      AC: 12    Str:  9    XL:     8   Next: 34%
Magic:  6/11       EV: 10    Int: 18    God:    the Shining One [......]
Gold:   343        SH:  0    Dex: 12    Spells: 4/11 levels left

rFire   . . .      SeeInvis .      - Unarmed
rCold   + + +      Faith    .    (shield currently unavailable)
rNeg    . . .      Spirit   .    (helmet currently unavailable)
rPois   +          Reflect  .    (no amulet)
rElec   .          Harm     .    e - +4 ring of protection
rCorr   .          Rampage  .    F - ring of protection from fire
Will    .....                    (no ring)
Stlth   +                        (no ring)
HPRegen 0.29/turn                (no ring)
MPRegen 0.12/turn                (no ring)
                                 (no ring)
                                 (no ring)

@: ice-form, wereblooded, glowing
A: freezing attack, boosted hp, almost no armour, amphibious, 8 rings, large,
(camouflage 1), (gelatinous body 1), (nimble swimmer 1), (tentacles)
a: End Transformation, Renounce Religion


You were on level 8 of the Dungeon.
You worshipped the Shining One.
The Shining One was noncommittal.
You were a creature of crystalline ice.
You visited 2 branches of the dungeon, and saw 7 of its levels.

You collected 343 gold pieces.

Inventory:

Hand Weapons
 s - the +7 staff of the Meek (melded) {protect, meekguard}
   (You found it on level 4 of the Dungeon)
Missiles
 l - 4 curare-tipped darts
Magical Staves
 d - a staff of death
Jewellery
 e - a +4 ring of protection (left front paw)
 F - a ring of protection from fire (right front paw)
Wands
 v - a wand of iceblast (9)
Scrolls
 b - 5 scrolls of enchant armour {unknown}
 f - 4 scrolls of identify {unknown}
 h - a scroll of blinking {unknown}
 j - 2 scrolls of fear {unknown}
 m - 2 scrolls of immolation {unknown}
 p - 2 scrolls of poison {unknown}
 t - 3 scrolls of teleportation
 u - a scroll of enchant weapon {unknown}
Potions
 a - 4 potions of lignification
 c - 2 potions of degeneration {unknown}
 g - 4 potions of curing {unknown}
 i - a potion of flight {unknown}
 k - 3 potions of mutation {unknown}
 n - 2 potions of resistance
 o - a potion of berserk rage {unknown}
 q - 3 potions of heal wounds {unknown}
 r - a potion of cancellation {unknown}


   Skills:
 - Level 1.0 Fighting
 - Level 2.0 Dodging
 - Level 3.0 Unarmed Combat
 - Level 2.0 Spellcasting
 + Level 7.0 Transmutations
 + Level 6.6 Ice Magic


You had 4 spell levels left.
You knew the following spells:

 Your Spells              Type           Power      Damage    Failure   Level
a - Beastly Appendage     Tmut           54%        N/A       1%          1
b - Wereblood             Tmut           27%        N/A       1%          2
c - Ice Form              Ice/Tmut       26%        N/A       11%         4

Your spell library contained the following spells:

 Spells                   Type           Power      Damage    Failure   Level
 Passwall                 Tmut/Erth      11%        N/A       6%          2
 Spider Form              Tmut/Pois      14%        N/A       13%         3
 Sandblast                Erth           2%         2d4       19%         1
 Stone Arrow              Conj/Erth      2%         3d7       47%         3


Dungeon Overview and Level Annotations

Branches:
Dungeon (8/15)             Temple (1/1) D:5
   Lair: D:8-11

Altars:
Kikubaaqudgha
Qazlal
Vehumet
The Shining One

Annotations:
D:3 1 runed translucent door, Crazy Yiuf
D:8 Grum


Innate Abilities, Weirdness & Mutations

You are a creature of crystalline ice.
You have a powerful freezing melee attack.
Your maximum health is increased.
Your armour is entirely melded.
You are incapable of wielding weapons or throwing items.
You cannot wear most types of armour.
You are amphibious.
You can wear up to eight rings at the same time.
((Your skin changes colour to match your surroundings (Stealth+).))
((Your rubbery body absorbs attacks. (AC +1, EV +1)))
((You are camouflaged when in or above water. (Stealth+)))
((You have tentacles for arms and can constrict up to eight enemies at once.))


Message History

The +7 staff of the Meek {protect, meekguard} melds into your body.
The +7 staff of the Meek {protect, meekguard} goes still.
Health restored: 57 You now have 7/11 mp.
Casting: Ice Form (dangerous; 11% risk of failure)
Confirm with . or Enter, or press ? or * to list all spells.
Your blood is infused with primal strength.
The wolf bites you. The wolf barely misses you.
You take 5 damage, and have 52/57 hp.
You now have 5/11 mp.
You punch the wolf! You freeze the wolf.
The wolf is heavily wounded.
The wolf misses you.
You barely miss the wolf.
The wolf is heavily wounded.
The wolf bites you.
The wolf pauses to sniff the ground.
The wolf bites you.
You take 5 damage, and have 48/57 hp.
You closely miss the wolf.
The wolf is heavily wounded.
Grum closely misses you. Grum barely misses you.
You hit Grum. You freeze Grum.
Grum is lightly wounded.
The wolf closely misses you. The wolf bites you but does no damage.
Grum hits you with a +1 spear. The wolf barely misses you.
The wolf bites you but does no damage.
You take 4 damage, and have 44/57 hp.
You punch Grum! You freeze Grum.
Grum is moderately wounded.
The wolf bites you! The wolf barely misses you. Grum hits you with a +1 spear!
You take 23 damage, and have 21/57 hp.
MASSIVE DAMAGE!!
You barely miss Grum.
Grum is moderately wounded.
The wolf bites you!
* * * LOW HITPOINT WARNING * * *
The wolf bites you.
* * * LOW HITPOINT WARNING * * *
Grum hits you with a +1 spear!
You die...

####.... #... #.......
..#..... #[...h##
#.#..... #.....# .......
#.....# ##.#.#.. #......
..#.#.# #......# ##
#.#g#.#######......#
+...#.#Y#......^...###.#
#.....hh............ .>
#.......####.....##
######### #....#.##.
#..#.#.... #.........
#...[..... #.#...#...
#.#.#.#.####


You could see Grum and 2 wolves.

Vanquished Creatures
  A two-headed ogre (D:8)
  An ice beast (D:5)
  A sky beast (D:4)
  3 hounds
  A jelly (D:5)
  An orc priest (D:4)
  3 iguanas
  Robin (D:2)
  2 adders
  An ufetubus (D:5)
  3 worms
  2 dart slugs (D:1)
  10 orcs
  7 endoplasms
  A giant cockroach (D:3)
  12 goblins
  5 hobgoblins
  6 jackals (D:1)
  5 ball pythons
  3 bats
  5 frilled lizards
  12 kobolds
  7 rats
93 creatures vanquished.

Vanquished Creatures (others)
  4 plants (D:1)
4 creatures vanquished.

Grand Total: 97 creatures vanquished

Notes
Turn   | Place    | Note
-------+----------+-------------------------------------------
     0 | D:1      | Dirtsage the Octopode Transmuter began the quest for the
                  | Orb.
     0 | D:1      | Reached XP level 1. HP: 13/13 MP: 3/3
   154 | D:1      | Reached skill level 1 in Ice Magic
   154 | D:1      | Reached XP level 2. HP: 13/18 MP: 3/5
   234 | D:1      | Found a faded altar of an unknown god.
   271 | D:1      | Learned a level 2 spell: Wereblood
   407 | D:1      | Reached XP level 3. HP: 23/23 MP: 3/6
   679 | D:1      | Reached skill level 3 in Transmutations
   868 | D:2      | Noticed Robin
   938 | D:2      | Killed Robin
   939 | D:2      | Reached XP level 4. HP: 28/28 MP: 4/7
   951 | D:2      | Learned a level 4 spell: Ice Form
  2376 | D:3      | Found a runed translucent door.
  2377 | D:3      | Noticed Crazy Yiuf
  2537 | D:3      | Reached XP level 5. HP: 33/33 MP: 6/8
  2853 | D:4      | Noticed a sky beast
  2872 | D:4      | Killed a sky beast
  2873 | D:4      | Reached skill level 4 in Transmutations
  2941 | D:4      | Reached XP level 6. HP: 38/38 MP: 3/9
  2996 | D:4      | Found the +7 staff of the Meek {protect, meekguard}
  3254 | D:4      | Reached skill level 5 in Transmutations
  3454 | D:5      | Entered Level 5 of the Dungeon
  3563 | D:5      | Noticed an ice beast
  3577 | D:5      | Killed an ice beast
  3578 | D:5      | Reached XP level 7. HP: 43/43 MP: 6/10
  3625 | D:5      | Reached skill level 5 in Ice Magic
  3680 | D:5      | Found a staircase to the Ecumenical Temple.
  3763 | Temple   | Entered the Ecumenical Temple
  3814 | Temple   | Became a worshipper of the Shining One
  3868 | D:5      | You fall into a shaft and drop 3 floors!
  3905 | D:8      | Noticed a yak
  3983 | D:8      | Noticed Grum
  3999 | D:8      | Noticed a yak
  4011 | D:8      | Noticed a two-headed ogre
  4031 | D:8      | Killed a two-headed ogre
  4032 | D:8      | Reached skill level 7 in Transmutations
  4032 | D:8      | Reached XP level 8. HP: 35/48 MP: 6/11
  4131 | D:8      | Noticed a yak
  4190 | D:8      | Slain by Grum

Illustrated notes

Levels and vault maps discovered:
D:1:      eino_arrival_water_star, layout_basic,
          shapermc_ecumenical_altar_starsandcircs, lexackson_kobold_supper
D:2:      layout_loops_corners, uniq_robin
D:3:      layout_loops_ring, uniq_crazy_yiuf_cottage
D:4:      layout_loops_ring, pf_guarded_unrand_meek
D:5:      layout_cave_pools, slow_altar_2, minmay_temple_entry_arrows,
          uniq_grinder
D:8:      layout_basic, uniq_grum
Temple:   nicolae_temple_elliptical

Skill      XL: |  1  2  3  4  5  6  7 |
---------------+----------------------+-----
Ice Magic      | 1 2 3 4 6 |  6.6
Transmutations | 3 4 5 7 |  7.0
Fighting       | |  1.0
Dodging        | |  2.0
Unarmed Combat | |  3.0
Spellcasting   | |  2.0

Action                     |  1- 3 |  4- 6 |  7- 9 || total
---------------------------+-------+-------+-------++-------
  Melee: Unarmed           |    81 |    94 |    23 ||   198
         Kick              |    23 |    18 |       ||    41
         Tentacles         |    14 |    16 |       ||    30
         Constrict         |    22 |    21 |       ||    43
         Punch             |     2 |     5 |       ||     7
         Quarterstaff      |       |    18 |       ||    18
  Throw: Dart              |       |       |     2 ||     2
   Cast: Beastly Appendage |    15 |    14 |       ||    29
         Wereblood         |     4 |     5 |     1 ||    10
         Ice Form          |       |     4 |     4 ||     8
    Use: Scroll            |       |       |     2 ||     2
   Stab: Sleeping          |     4 |     5 |       ||     9
 Armour: Skin              |    12 |    34 |     7 ||    53
  Dodge: Dodged            |    43 |    47 |    18 ||   108

Table legend: (Time is in decaauts)
 A = Elapsed time spent in this place.
 B = Non-inter-level travel time spent in this place.
 C = Inter-level travel time spent in this place.
 D = Time resting spent in this place.
 E = Time spent auto-exploring this place.
 F = Levels seen in this place.
 G = Mean time per level.
                   A        B        C        D        E       F      G
               +--------+--------+--------+--------+--------+-----+--------+
         Total |   4181 |   4031 |    150 |      0 |   3287 |   7 |  597.3 |
       Dungeon |   4113 |   3978 |    135 |      0 |   3250 |   6 |  685.5 |
        Temple |     67 |     52 |     15 |      0 |     37 |   1 |   67.0 |
               +--------+--------+--------+--------+--------+-----+--------+

Top non-repeatable levels by time:
     D:2: 1011 daAuts
     D:3: 881 daAuts
     D:1: 822 daAuts
     D:4: 731 daAuts
     D:5: 345 daAuts
     D:8: 321 daAuts
  Temple: 67 daAuts
